 Dungeon Crawl Stone Soup version 0.17-a0-1731-g129c023 (webtiles) character file.

214 motkuri the Shield-Bearer (level 5, -2/28 HPs)
             Began as a Vine Stalker Fighter on Aug 16, 2015.
             Slain by a gnoll
             ... wielding a +2 halberd of venom
              (7 damage)
             ... on level 3 of the Dungeon on Aug 29, 2015.
             The game lasted 00:03:52 (1669 turns).

motkuri the Shield-Bearer (Vine Stalker Fighter)    Turns: 1669, Time: 00:03:52

Health: -2/28      AC:  6    Str: 20    XL:     5   Next: 92%
Magic:  0/6        EV:  8    Int:  8    God:
Gold:   50         SH:  9    Dex: 13    Spells: 0 memorised, 4 levels left

rFire  . . .     SeeInvis .     a - +0 flail
rCold  . . .     Clarity  .     b - +0 scale mail
rNeg   . . .     SustAt   .     c - +0 shield
rPois  .         Gourm    .     (no helmet)
rElec  .         Spirit   +     (no cloak)
rCorr  .         Warding  .     (no gloves)
rMut   .         Stasis   .     (no boots)
MR     .....                    (no amulet)
Stlth  ..........               (no ring)
                                (no ring)

@: lethally poisoned (-2 -> -18), not resistant to hostile enchantments,
extremely unstealthy
A: fangs 2, regeneration 1, magic shield, antimagic bite, no device heal 3, rot
immunity
a: no special abilities


You were on level 3 of the Dungeon.
You were not hungry.

You visited 1 branch of the dungeon, and saw 3 of its levels.

You collected 50 gold pieces.

Inventory:

Hand weapons
 a - a +0 flail (weapon)
Armour
 b - a +0 scale mail (worn)
 c - a +0 shield (worn)
Jewellery
 j - a cursed ring of teleportation {unknown}
Scrolls
 g - 3 scrolls of identify {unknown}
 h - a scroll of recharging {unknown}
 l - a scroll of remove curse {unknown}
 m - 3 scrolls of fog {unknown}
Potions
 d - 2 potions of might
 f - a potion of flight {unknown}
 i - a potion of curing {unknown}
Comestibles
 e - 2 bread rations


   Skills:
 + Level 3.4 Fighting
 + Level 2.5 Maces & Flails
 + Level 3.1 Armour
 + Level 2.0 Dodging
 + Level 3.6 Shields


You had 4 spell levels left.
You didn't know any spells.

Dungeon Overview and Level Annotations

Branches:
Dungeon (3/15)

Altars:
Elyvilon
Yredelemnul
Zin


Innate Abilities, Weirdness & Mutations

You have extremely sharp teeth.
Your natural rate of healing is unusually fast.
When hurt, damage is shared between your health and your magic reserves.
Your bite disrupts and absorbs the magic of your enemies.
Potions and wands cannot restore your health.
You are immune to rotting.


Message History

You hit the kobold but do no damage. You bite the kobold. You drain its power.
You feel invigorated.
You kill the kobold!
The gnoll hits you from afar with a halberd of venom.
You are poisoned.
You feel sick.
The gnoll hits you with a halberd of venom!
You are lethally poisoned!
You see here a whip.
You barely miss the gnoll. Your bite misses the gnoll.
* * * LOW HITPOINT WARNING * * *
You feel very sick.
The gnoll hits you with a halberd of venom.
* * * LOW HITPOINT WARNING * * *
You are too injured to fight recklessly!
You closely miss the gnoll. You bite the gnoll, but do no damage.
* * * LOW HITPOINT WARNING * * *
You feel sick.
The gnoll hits you with a halberd of venom!
You die...

#.....# #..##.#
#.#### #..##.#
#.#.. #.)##.#
#.#.#
#..##)####.#.##
#...<.........####
##.##.###........g
#.##.##.#...g#
#.##....((.@.#
#.#####(#.#..#
#...............
#########.#######
#.# ..# ####


You could see a gnoll.

Vanquished Creatures
  Sigmund (D:2)
  An adder (D:2)
  3 worms (D:2)
  2 giant geckos (D:2)
  6 hobgoblins
  4 kobolds
  2 quokkas (D:2)
  2 ball pythons
  2 bats (D:1)
  5 giant newts
  6 goblins
  6 rats
40 creatures vanquished.

Notes
Turn   | Place    | Note
--------------------------------------------------------------
     0 | D:1      | motkuri the Vine Stalker Fighter began the quest for the Orb.
     0 | D:1      | Reached XP level 1. HP: 11/11 MP: 2/2
   289 | D:1      | Reached XP level 2. HP: 14/16 MP: 1/3
   290 | D:1      | Upgraded the game from 0.17-a0-1663-gb806841 to 0.17-a0-1667-g4ca74a1
   324 | D:1      | Upgraded the game from 0.17-a0-1667-g4ca74a1 to 0.17-a0-1731-g129c023
   627 | D:2      | Reached skill level 3 in Fighting
   681 | D:2      | Reached XP level 3. HP: 7/20 MP: 4/4
  1165 | D:2      | Found a basalt altar of Yredelemnul.
  1185 | D:2      | Found a white marble altar of Elyvilon.
  1188 | D:2      | Noticed Sigmund
  1208 | D:2      | Killed Sigmund
  1208 | D:2      | Reached XP level 4. HP: 6/24 MP: 2/5
  1208 | D:2      | Reached XP level 5. HP: 7/28 MP: 2/6
  1499 | D:2      | Noticed an angel
  1500 | D:2      | Found a glowing silver altar of Zin.
  1669 | D:3      | Slain by a gnoll

Vault maps used:
D:1:      scummos_arrival_gate, nrook_mini_vaults
D:2:      old_standard_altar, zin_angel, yredelemnul_altar_generic,
          minmay_door_square, uniq_sigmund

Action                   |  1- 3 |  4- 6 || total
-------------------------+-------+-------++-------
Melee: Flail             |   108 |    38 ||   146
  Eat: Chunk             |       |     3 ||     3
